 Dungeon Crawl Stone Soup version 0.24.0-13-gcf9b319 (webtiles) character file.

Game seed: 15667750350080564305, levelgen mode: deterministic

307 Bronimir the Ogre Mage (level 6, -6/55 HPs)
             Began as an Ogre Fire Elementalist on Apr 19, 2020.
             Was an Initiate of Vehumet.
             Mangled by Pikel
             ... wielding a +1 whip of flaming
              (7 damage)
             ... on level 6 of the Dungeon.
             The game lasted 00:09:13 (5100 turns).

Bronimir the Ogre Mage (Ogre Fire Elementalist)     Turns: 5100, Time: 00:09:14

Health: -6/55      AC:  3    Str: 15    XL:     6   Next: 40%
Magic:  6/11       EV: 10    Int: 16    God:    Vehumet [......]
Gold:   194        SH:  0    Dex: 13    Spells: 2/12 levels left

rFire    . . .     SeeInvis .   a - +0 club
rCold    . . .     Gourm    .   (no shield)
rNeg     . . .     Faith    .   i - +0 robe
rPois    .         Spirit   .   (helmet restricted)
rElec    .         Reflect  .   (no cloak)
rCorr    +         Harm     .   (gloves unavailable)
MR       .....                  (boots unavailable)
Stlth    ++........             (no amulet)
HPRegen  0.18/turn              x - ring of resist corrosion
MPRegen  0.12/turn              f - +4 ring of dexterity

@: no status effects
A: large, unfitting armour, tough skin 1
a: Renounce Religion


You were on level 6 of the Dungeon.
You worshipped Vehumet.
Vehumet was noncommittal.
You were hungry.

You visited 2 branches of the dungeon, and saw 5 of its levels.

You collected 194 gold pieces.

Inventory:

Hand Weapons
 a - a +0 club (weapon)
Missiles
 b - 108 stones
 q - 12 boomerangs (quivered)
 u - 15 bolts
 w - 7 poisoned darts
 z - 29 arrows
Armour
 h - a +0 pair of gloves
 i - a +0 robe (worn)
 m - a +0 ring mail
 o - a +0 buckler
 r - a +0 shield
Jewellery
 f - a +4 ring of dexterity (right hand)
 x - a ring of resist corrosion (left hand)
 A - an uncursed ring of protection from magic {unknown}
Scrolls
 e - 3 scrolls of identify
 j - 2 scrolls of fog
 k - a scroll of teleportation
 n - 4 scrolls of remove curse
 s - a scroll of noise
 v - 2 scrolls of fear {unknown}
 y - a scroll of blinking {unknown}
 C - a scroll of random uselessness {unknown}
 E - a scroll of amnesia {unknown}
 F - a scroll of enchant weapon {unknown}
Potions
 d - a potion of curing
 g - a potion of lignification {unknown}
 l - a potion of haste {unknown}
 p - 3 potions of agility
 t - a potion of cancellation
 B - a potion of degeneration {unknown}
Comestibles
 c - 6 rations


   Skills:
 * Level 1.4 Fighting
 + Level 1.2 Maces & Flails
 + Level 2.1 Throwing
 * Level 2.5 Dodging
 - Level 1.5 Stealth
 * Level 1.1 Shields
 - Level 0.2 Unarmed Combat
 * Level 3.9 Spellcasting
 * Level 2.0 Conjurations
 * Level 3.6 Fire Magic


You had 2 spell levels left.
You knew the following spells:

 Your Spells              Type           Power        Failure   Level  Hunger
a - Flame Tongue          Conj/Fire      ##...        5%          1    None
b - Throw Flame           Conj/Fire      ##....       9%          2    ##.....
c - Conjure Flame         Conj/Fire      ##......     16%         3    ###....
d - Sticky Flame          Conj/Fire      ##......     47%         4    ####...

Your spell library contained the following spells:

 Spells                   Type           Power        Failure   Level  Hunger
 Inner Flame              Hex/Fire       #.......     24%         3    ###....
 Fireball                 Conj/Fire      ##........   83%         5    ######.


Dungeon Overview and Level Annotations

Branches:
Dungeon (6/15)             Temple (1/1) D:6

Altars:
Cheibriados
Kikubaaqudgha
Qazlal
Sif Muna
Trog
Vehumet
Xom
Yredelemnul
Zin
The Shining One
Jiyva

Shops:
D:6 [

Annotations:
D:6 Pikel


Innate Abilities, Weirdness & Mutations

You are too large for most types of armour.
You have tough skin. (AC +1)


Message History

Aiming: Flame Tongue (safe; 5% risk of failure)
Press: ? - help, Shift-Dir - straight line, f/p - slave
Aim: a slave (lightly wounded)
The flame tongue hits the slave.
The slave is lightly wounded.
The slave closely misses you. The slave hits you. The slave hits you!
As you read the scroll of fog, it crumbles to dust.
The scroll dissolves into smoke.
The slave barely misses you. The slave misses you. The slave hits you!
As you read the scroll of teleportation, it crumbles to dust.
You feel strangely unstable. The slave barely misses you. The slave hits you!
* * * LOW HITPOINT WARNING * * *
The slave misses you. The slave hits you!
* * * LOW HITPOINT WARNING * * *
It was a potion of cancellation.
You feel strangely stable.
You feel magically purged.
Your magical contamination has completely faded away.
Pikel hits you with a +1 whip of flaming!
You die...

#.# .### . #.# ..
... .##.###p ###.#
..(.... ./....
..... #.p..§###
... #....pKp# #.#
#@# #.# #p# #.#
#§# ##'## #.#
##...## #.#
#....p## ####.#
.......## ##.##.#
........####...#.#
........'........#


You could see Pikel and 3 slaves.

Vanquished Creatures
  A bullfrog (D:6)
  2 jellies (D:6)
  An orc wizard (D:6)
  6 adders
  2 oozes (D:2)
  2 worms
  2 dart slugs
  2 orcs (D:6)
  7 giant cockroaches
  7 goblins
  10 hobgoblins
  7 jackals
  2 bats
  3 frilled lizards
  9 kobolds
  A quokka skeleton (D:6)
  2 rats
66 creatures vanquished.

Vanquished Creatures (others)
  An orc wizard (D:6)
1 creature vanquished.

Grand Total: 67 creatures vanquished

Notes
Turn   | Place    | Note
-------+----------+-------------------------------------------
     0 | D:1      | Bronimir the Ogre Fire Elementalist began the quest for the
                  | Orb.
     0 | D:1      | Reached XP level 1. HP: 16/16 MP: 3/3
   434 | D:1      | Reached XP level 2. HP: 22/24 MP: 1/5
   791 | D:1      | Learned a level 2 spell: Throw Flame
  1353 | D:1      | Reached skill level 1 in Conjurations
  1368 | D:1      | Reached XP level 3. HP: 17/31 MP: 0/7
  1390 | D:1      | Learned a level 3 spell: Conjure Flame
  1902 | D:2      | Reached skill level 1 in Fighting
  1906 | D:2      | Reached XP level 4. HP: 29/41 MP: 2/8
  2646 | D:2      | Found a glowing silver altar of Zin.
  3010 | D:2      | Reached skill level 1 in Throwing
  3695 | D:3      | Reached XP level 5. HP: 35/48 MP: 4/10
  3970 | D:3      | Learned a level 4 spell: Sticky Flame
  4264 | D:3      | You fall into a shaft and drop 3 floors!
  4264 | D:6      | Found Ythaop's Antique Armour Shoppe.
  4267 | D:6      | Found a staircase to the Ecumenical Temple.
  4277 | Temple   | Entered the Ecumenical Temple
  4534 | Temple   | Became a worshipper of Vehumet
  4642 | D:6      | Reached skill level 1 in Maces & Flails
  4651 | D:6      | Reached XP level 6. HP: 46/55 MP: 4/11
  4686 | D:6      | Reached skill level 1 in Shields
  5062 | D:6      | Noticed a slave
  5089 | D:6      | Noticed a slave
  5090 | D:6      | Noticed Pikel
  5090 | D:6      | Noticed a slave
  5094 | D:6      | Noticed a slave
  5099 | D:6      | HP: 1/55 [slave[Pikel] (9)]
  5100 | D:6      | Mangled by Pikel

Levels and vault maps discovered:
D:1:      dpeg_arrival_brainrot, layout_rooms
D:2:      layout_basic, lemuel_crystal_altar, serial_glass, glass_columns_a,
          glass_columns_a, roderic_serpentine_path
D:3:      layout_basic
D:6:      layout_loops_corners, temple_fountains, serial_shops,
          nicolae_shop_window_shopping, shop, kennysheep_little_box,
          shop_fountains, uniq_grinder, uniq_pikel, uniq_menkaure
Temple:   pf_slimified_temple

Skill      XL: |  1  2  3  4  5  6 |
---------------+-------------------+-----
Fire Magic     | 3 |  3.6
Spellcasting   | 3 |  3.9
Conjurations   | 1 2 |  2.0
Dodging        | 2 |  2.5
Fighting       | 1 |  1.4
Throwing       | 1 2 |  2.1
Maces & Flails | 1 |  1.2
Shields        | 1 |  1.1
Stealth        | |  1.5
Unarmed Combat | |  0.2

Action                   |  1- 3 |  4- 6 || total
-------------------------+-------+-------++-------
Melee: Unarmed           |    19 |       ||    19
       Club              |    33 |    55 ||    88
Throw: Boomerang         |    16 |    88 ||   104
 Cast: Flame Tongue      |    49 |    74 ||   123
  Use: Scroll            |       |     7 ||     7
       Potion            |       |     1 ||     1
  Eat: Chunk             |     3 |     6 ||     9
       Ration            |       |     1 ||     1
Armor: Robe              |    33 |    39 ||    72
Dodge: Dodged            |    59 |    89 ||   148
